 Dungeon Crawl Stone Soup version 0.28.0-43-g3370ac3207 (webtiles) character file.

Game seed: 5494220742382450427

119 Descartes the Ruffian (level 4, -2/42 HPs)
             Began as a Troll Warper on Mar 1, 2022.
             Slain by a gnoll
             ... wielding a +0 short sword
              (9 damage)
             ... while paralysed by a gnoll
             ... on level 3 of the Dungeon.
             The game lasted 00:02:22 (1539 turns).

Descartes the Ruffian (Troll Warper)                Turns: 1539, Time: 00:02:23

Health: -2/42      AC:  4    Str: 19    XL:     4   Next: 74%
Magic:  5/5        EV:  1    Int:  9    God:
Gold:   75         SH:  0    Dex: 11    Spells: 6/6 levels left

rFire   . . .      SeeInvis .     - Unarmed
rCold   . . .      Faith    .   (no shield)
rNeg    . . .      Spirit   .   a - +0 robe
rPois   .          Reflect  .   (helmet restricted)
rElec   .          Harm     .   (no cloak)
rCorr   .          Rampage  .   (gloves unavailable)
Will    .....                   (boots unavailable)
Stlth   +.........              (no amulet)
HPRegen 0.94/turn               (no ring)
MPRegen 0.09/turn               (no ring)

@: paralysed
A: large, unfitting armour, claws 3, regeneration 1, shaggy fur 1, tough skin 1
a: no special abilities


You were on level 3 of the Dungeon.
You visited 1 branch of the dungeon, and saw 3 of its levels.

You collected 75 gold pieces.

Inventory:

Missiles
 c - 5 boomerangs of dispersal (quivered)
 d - 71 stones
Armour
 a - a +0 robe (worn)
Jewellery
 k - an amulet of magic regeneration
Scrolls
 b - a scroll of blinking
 e - 2 scrolls of teleportation {unknown}
 g - a scroll of summoning {unknown}
 h - a scroll of fear {unknown}
 i - a scroll of enchant weapon {unknown}
 j - a scroll of identify {unknown}
 l - a scroll of enchant armour {unknown}
Potions
 f - a potion of ambrosia {unknown}
 m - a potion of berserk rage {unknown}


   Skills:
 + Level 2.0 Fighting
 + Level 1.6 Throwing
 + Level 2.2 Dodging
 * Level 3.0 Unarmed Combat
 + Level 1.5 Spellcasting
 * Level 2.7 Translocations


You had 6 spell levels left.
You didn't know any spells.
Your spell library contained the following spells:

 Spells                   Type           Power      Damage    Failure   Level
 Blink                    Tloc           10%        N/A       17%         2
 Gell's Gravitas          Tloc           5%         N/A       34%         3
 Lesser Beckoning         Tloc           5%         N/A       34%         3
 Teleport Other           Tloc           5%         N/A       34%         3
 Manifold Assault         Tloc           5%         N/A       97%         5


Dungeon Overview and Level Annotations

Branches:
Dungeon (3/15)

Altars:
Dithmenos


Innate Abilities, Weirdness & Mutations

You are too large for most types of armour.
You have claws for hands.
Your natural rate of healing is unusually fast.
You are covered in fur. (AC +1)
You have tough skin. (AC +1)


Message History

The gnoll zaps a wand.
You suddenly lose the ability to move!
The gnoll hits you with a +0 spear. The gnoll hits you with a +0 spear.
The gnoll hits you with a +0 short sword.
The gnoll hits you with a +0 spear.
The gnoll zaps a wand.
You shrug off the repeated paralysis!
The gnoll hits you with a +0 spear.
The gnoll hits you with a +0 short sword.
The gnoll hits you with a +0 spear.
The gnoll hits you with a +0 short sword.
You can move again.
The gnoll closely misses you.
You see here a quokka corpse.
There are monsters nearby!
Unknown command.
You see here a quokka corpse.
You scratch the gnoll.
The gnoll is lightly wounded.
The gnoll hits you with a +0 spear.
You claw the gnoll!
The gnoll is almost dead.
The gnoll hits you but does no damage.
You scratch the gnoll.
The gnoll is almost dead.
The gnoll hits you with a +0 spear!
* * * LOW HITPOINT WARNING * * *
Unknown command.
You closely miss the gnoll. You claw the gnoll.
You kill the gnoll!
You barely miss the gnoll.
The gnoll zaps a wand.
You resist with some effort.
Unknown command.
You closely miss the gnoll.
The gnoll zaps a wand.
You suddenly lose the ability to move!
The gnoll hits you with a +0 short sword.
* * * LOW HITPOINT WARNING * * *
The gnoll zaps a wand.
You shrug off the repeated paralysis!
The gnoll hits you with a +0 short sword.
* * * LOW HITPOINT WARNING * * *
The gnoll hits you with a +0 short sword!
You die...

#.#..#.#...#.#..# #
#.#......<......# #
#.#...#.....#...#######
#.....#######..........
#
#####...........#######
.. #.......##### #..
##.###### ....§# #.#
....§§##@# §..§§§§#g#
g§.§§§.§.# .§_§§.§).#
....§....# §§.§§§§###
§§..§§# §§..§# #§.


You could see a gnoll.

Vanquished Creatures
  Terence (D:2)
  2 gnolls (D:3)
  3 adders
  A dart slug (D:2)
  2 ball pythons
  An endoplasm (D:3)
  2 giant cockroaches
  5 goblins
  3 hobgoblins
  9 jackals
  2 kobolds (D:1)
  2 quokkas
  6 bats
  2 frilled lizards
  3 rats
44 creatures vanquished.

Notes
Turn   | Place    | Note
-------+----------+-------------------------------------------
     0 | D:1      | Descartes the Troll Warper began the quest for the Orb.
     0 | D:1      | Reached XP level 1. HP: 19/19 MP: 1/1
    52 | D:1      | Reached skill level 1 in Throwing
   177 | D:1      | Reached XP level 2. HP: 21/27 MP: 2/2
   668 | D:2      | Noticed Terence
   689 | D:2      | Killed Terence
   690 | D:2      | Reached XP level 3. HP: 17/35 MP: 4/4
   924 | D:2      | Reached XP level 4. HP: 40/42 MP: 5/5
  1470 | D:3      | Found a faded altar of an unknown god.
  1506 | D:3      | Found a shadowy altar of Dithmenos.
  1515 | D:3      | Reached skill level 3 in Unarmed Combat
  1522 | D:3      | Paralysed by a gnoll for 5 turns
  1535 | D:3      | Paralysed by a gnoll for 7 turns
  1539 | D:3      | Slain by a gnoll

Illustrated notes

Levels and vault maps discovered:
D:1:      evilmike_arrival_home_sweet_home, layout_loops_ring
D:2:      layout_basic, uniq_terence
D:3:      layout_loops_cross, lemuel_crystal_altar,
          nicolae_dithmenos_the_darkroom, vehumet_crystals,
          nicolae_ecumenical_pavilion, wad_orctagon

Skill      XL: |  1  2  3  4 |
---------------+-------------+-----
Throwing       | 1 |  1.6
Dodging        | 2 |  2.2
Fighting       | 2 |  2.0
Unarmed Combat | 3 |  3.0
Spellcasting   | |  1.5
Translocations | |  2.7

Action                   |  1- 3 |  4- 6 || total
-------------------------+-------+-------++-------
Melee: Unarmed           |    80 |    46 ||   126
       Punch             |     2 |     3 ||     5
 Stab: Sleeping          |     1 |     1 ||     2
Armor: Robe              |    24 |    18 ||    42
Dodge: Dodged            |    37 |    19 ||    56
